cohdb
Replays
Latest Replays
All Replays
Popular Replays
Top Player Replays
Match Explorer
How It Works
Community
CoH3 Stats
Reddit
Sign in to upload your games and track your stats! →
Sign in with Steam
Match 44524174
Unlisted
Match 44524174
Overview
Messages
Build Orders
End
Panzergrenadier Squad
250 Light Carrier
Panzergrenadier Squad
Construct Light Support Kompanie
Combat Half-tracks
Selects Battlefield Espionage Battlegroup
2.5-tonne Medical Truck
Selects Intel Disruption Beacon
Fire Support Elements
Flakvierling Half-track
Vehicle Survival Package
Pak 38 Mechanized Group
2.5-tonne Medical Truck
MG34 Team
Construct Panzerarmee Kommand
Selects 250/3 Funkpanzerwagen
Selects Advanced Ambush Training
Emergency Repair Kits
Panzer III L Medium Tank
Advanced Field Repairs
Selects Plunder
Selects Firestorm
Panzer III L Medium Tank
Veteran Squad Leaders
Panzer III L Medium Tank
我小叮当今晚要搞事!
Victor #52
鸡鲲球长
Yisus
杨司令
JT
新年辞旧喜洋洋
只出曲线
0
0
Comments
sign in to comment!
No comments posted yet!